 Dungeon Crawl Stone Soup version 0.18.1-48-g4cf74bf (webtiles) character file.

74 Aesthetico the Stinger (level 4, -5/21 HPs)
             Began as a Spriggan Venom Mage on July 21, 2016.
             Killed by divine providence
             ... invoked by an orc priest
              (20 damage)
             ... on level 3 of the Dungeon.
             The game lasted 00:20:16 (1958 turns).

Aesthetico the Stinger (Spriggan Venom Mage)        Turns: 1958, Time: 00:20:17

Health: -5/21      AC:  2    Str:  4    XL:     4   Next: 9%
Magic:  1/10       EV: 19    Int: 17    God:
Gold:   89         SH:  0    Dex: 16    Spells: 2 memorised, 6 levels left

rFire  . . .     SeeInvis +     t - +0 mace
rCold  . . .     Gourm    .     a - +0 robe
rNeg   . . .     Faith    .     (shield restricted)
rPois  .         Spirit   .     (helmet restricted)
rElec  .         Dismiss  .     (no cloak)
rCorr  .         Reflect  .     (gloves unavailable)
SustAt .         Harm     +     (boots unavailable)
MR     .....                    p - amulet of harm
Stlth  +++.......               (no ring)
                                (no ring)

@: very slightly contaminated, very quick, not resistant to hostile
enchantments, fairly stealthy
A: unfitting armour, see invisible, herbivore 3, speed 3, slow metabolism 2
a: no special abilities


You were on level 3 of the Dungeon.
You were very full.

You visited 1 branch of the dungeon, and saw 3 of its levels.

You collected 89 gold pieces.

Inventory:

Hand Weapons
 t - a +0 mace (weapon)
Missiles
 d - 80 stones
 o - 34 arrows
 r - 7 tomahawks (quivered)
Armour
 a - a +0 robe (worn)
Jewellery
 p - an amulet of harm (around neck)
 s - a cursed ring of teleportation {unknown}
Scrolls
 g - a scroll of random uselessness {unknown}
 h - 3 scrolls of identify
 l - a scroll of remove curse
 q - a scroll of teleportation {unknown}
Potions
 c - 2 potions of curing
 i - a potion of ambrosia {unknown}
 k - a potion of brilliance {unknown}
 m - a potion of flight {unknown}
 n - a potion of cure mutation {unknown}
Books
 b - a Young Poisoner's Handbook

   Spells                             Type                      Level
   a - Sting                          Conjuration/Poison           1
   b - Cure Poison                    Poison                       2
   c - Mephitic Cloud                 Conjuration/Poison/Air       3
   d - Olgreb's Toxic Radiance        Poison                       4
   e - Venom Bolt                     Conjuration/Poison           5
Comestibles
 f - a fruit
 j - a bread ration


   Skills:
 + Level 3.9 Dodging
 + Level 3.1 Stealth
 + Level 3.5 Spellcasting
 - Level 0.2 Conjurations
 + Level 4.8 Poison Magic


You had 6 spell levels left.
You knew the following spells:

 Your Spells              Type           Power        Failure   Level  Hunger
a - Sting                 Conj/Pois      ##..         10%         1    None
b - Mephitic Cloud        Conj/Pois/Air  #.......     24%         3    ###....


Dungeon Overview and Level Annotations

Branches:
Dungeon (3/15)

Altars:


Innate Abilities, Weirdness & Mutations

You are tiny and cannot use many weapons and most armour.
You have supernaturally acute eyesight.
You are a herbivore.
You cover ground extremely quickly.
You need consume almost no food.


Message History

Casting: Mephitic Cloud
Confirm with . or Enter, or press ? or * to list all spells.
Aiming: Mephitic Cloud
Press: ? - help, Shift-Dir - straight line You miscast Mephitic Cloud.
You feel a strange surge of energy!
The orc hits you with a hand axe of electrocution.
Casting: Mephitic Cloud
Confirm with . or Enter, or press ? or * to list all spells.
You don't know that spell.
Casting: Mephitic Cloud
Confirm with . or Enter, or press ? or * to list all spells.
Aiming: Mephitic Cloud
Press: ? - help, Shift-Dir - straight line You miscast Mephitic Cloud.
You feel faint for a moment.
The hobgoblin shouts!
There is a stone staircase leading up here.
The orc priest calls down the wrath of Beogh upon you.
Beogh smites you!
Ouch! That really hurt!
You die...

...... ....# ....# #
#.#.# .## ######.#.#
.... ..###...##.#.#
.....
.............###......
#..@...ooog.......
#......o.........#
#.......o........#
#...$g...........#
#................#
#................#
#................#
#...##+#####.....#


You could see an orc priest, 4 orcs and 2 hobgoblins.

Vanquished Creatures
  An adder (D:2)
  An ooze (D:2)
  A dart slug (D:2)
  A giant gecko (D:2)
  2 ball pythons
  3 bats
  8 giant cockroaches
  8 hobgoblins
  11 kobolds (D:1)
  2 quokkas (D:2)
  4 giant newts
  6 goblins
  4 rats (D:1)
52 creatures vanquished.

Notes
Turn   | Place    | Note
--------------------------------------------------------------
     0 | D:1      | Aesthetico the Spriggan Venom Mage began the quest for the Orb.
     0 | D:1      | Reached XP level 1. HP: 9/9 MP: 5/5
   191 | D:1      | Reached XP level 2. HP: 7/13 MP: 4/6
   572 | D:1      | Reached XP level 3. HP: 11/16 MP: 2/8
   656 | D:1      | Learned a level 3 spell: Mephitic Cloud
  1696 | D:2      | Reached XP level 4. HP: 21/21 MP: 6/10
  1958 | D:3      | Killed from afar by an orc priest

Skill      XL: |  1  2  3 |
---------------+----------+-----
Spellcasting   | 3 |  3.5
Dodging        | |  3.9
Stealth        | |  3.1
Conjurations   | |  0.2
Poison Magic   | |  4.8

Action                   |  1- 3 |  4- 6 || total
-------------------------+-------+-------++-------
Melee: Hand axe          |    74 |     1 ||    75
Throw: Stone             |     8 |       ||     8
       Tomahawk          |       |     1 ||     1
 Cast: Sting             |    77 |     8 ||    85
       Mephitic Cloud    |     1 |       ||     1
  Use: Scroll            |     4 |       ||     4
  Eat: Bread ration      |     1 |       ||     1
Armor: Robe              |    11 |       ||    11
Dodge: Dodged            |    92 |       ||    92
